Unix NetHack Version 5.0.0-0 post-release - last build May 10 2026 23:12:36 (d1fa5d53e341ca933230fdaa984d921c805b60aa,branch:main).

Game began 2026-05-14 15:27:33, ended 2026-05-14 15:34:45.

ArrBianca, lawful female dwarven Archeologist

    ------
    |....|
    |....|
    |....|
    |....-#%## ----------------
    |....|   rr|...>...........########
    |....|    @|..............|       ##   -------
    --.-|-    r|..............|        ### |.....|
        #     #...............|          # |.....|
        #      ----------------          # |?....|
        #   #                            # |.....|
 -------|-  #                            ##-......
 |<.......###                              -------
 |.......|
 |........#########0
 ---------

ArrBianca the Field Worker  St:12 Dx:10 Co:13 In:16 Wi:14 Ch:8  Lawful
Dlvl:4  $:207 HP:0(32) Pw:9(9) AC:9  Xp:3 T:1113 

Latest messages:
 The coyote bites!
 The coyote bites!
 The coyote bites!
 The coyote bites!
 You lash the coyote.
 The coyote bites!
 The coyote bites!
 What do you want to read? [no or ?*] n
 As you read the scroll, it disappears.
 Where do you want to be teleported?
 (For instructions type a '?')
 You materialize in a different location!
 You stop waiting.
 You miss the goblin.
 The goblin hits!
 You kill the goblin!
 Welcome to experience level 3.
 u - a granite ring.
 v - an iron skull cap.
 Pick a monster, object or location.
 You lash the wererat.
 The wererat changes into a rat.
 The wererat bites!
 You lash the wererat.
 The wererat bites!
 You feel feverish.
 You lash the wererat.
 The wererat bites!
 You miss the wererat.
 The wererat bites!
 You lash the wererat.
 The wererat bites!
 You lash the wererat.
 The wererat bites!
 You miss the wererat.
 The wererat summons help!
 A sewer rat suddenly appears next to you!
 A sewer rat suddenly appears next to you!
 A giant rat suddenly appears close by!
 The wererat bites!
 You lash the wererat.
 The sewer rat bites!
 The sewer rat bites!
 The wererat bites!
 You miss the wererat.
 The sewer rat bites!
 The sewer rat bites!
 The wererat bites!
 You die...
 Do you want an account of creatures vanquished? [ynaq] (y) q

Inventory:
 Coins    ('$')
  $ - 207 gold pieces
 Weapons  (')')
  a - a +2 bullwhip (weapon in right hand)
 Armor    ('[')
  c - an uncursed +0 fedora (being worn)
  v - an uncursed +3 orcish helm
  b - an uncursed +0 leather jacket (being worn)
 Comestibles  ('%')
  d - 5 uncursed food rations
  m - an uncursed homemade tin of jackal meat
  j - 2 uncursed lichen corpses
 Spellbooks  ('+')
  o - an uncursed spellbook of slow monster
 Potions  ('!')
  p - 2 uncursed potions of healing
  q - 2 uncursed potions of water
  r - an uncursed potion of water
 Rings    ('=')
  u - an uncursed ring of invisibility
 Wands    ('/')
  k - a wand of teleportation (0:3)
 Tools    ('(')
  h - an empty uncursed sack
  l - an uncursed magic whistle
  i - an uncursed oil lamp
  e - a +0 pick-axe
  f - a tinning kit (0:56)
 Gems/Stones  ('*')
  s - an uncursed citrine stone
  g - an uncursed touchstone

ArrBianca the Archeologist's attributes:

Background:
 You were a Field Worker, a level 3 female dwarven Archeologist.
 You were lawful, nominally on a mission for Quetzalcoatl
 who was opposed by Camaxtli (neutral) and Huhetotl (chaotic).
 You were right-handed.
 You were in the Dungeons of Doom, on level 4.
 You entered the dungeon 1113 turns ago.
 You had 42 experience points, 38 more were needed to attain level 4.

Basics:
 You had 0 out of 32 hit points.
 You had all 9 energy points (spell power).
 Your armor class was 9.
 Your wallet contained 207 zorkmids.
 Autopickup was on for '$?!/="+%' plus thrown, with exceptions.

Final Characteristics:
 Your strength was 12 (peak:14, limit:18/100).
 Your dexterity was 10 (limit:20).
 Your constitution was 13 (limit:20).
 Your intelligence was 16 (limit:16).
 Your wisdom was 14 (limit:16).
 Your charisma was 8 (limit:16).

Final Status:
 You weren't hungry.
 You were unencumbered.
 You were wielding a whip.
 You had basic skill with whip.

Final Attributes:
 You were devoutly aligned.
 You were level-drain resistant.
 You had automatic searching.
 You had infravision.
 You were a wererat.
 You were harmed by silver.
 You were lucky.
 You are dead.

Miscellaneous:
 You didn't encounter any bones levels.
 Total elapsed playing time was 7 minutes and 12 seconds.

Major events:
 Turn
    1: ArrBianca the lawful female dwarven Archeologist entered the dungeon
 1093: attained the rank of Field Worker (level 3)
 1113: killed by a wererat

Spells:
 Name                 Level Category     Fail Retention
 slow monster           2   enchantment   78%  76%-100%

Skills:
 Fighting Skills
   bare handed combat [Unskilled]
   two weapon combat  [Unskilled]
   riding             [Unskilled]
 Weapon Skills
   dagger             [Unskilled]
   knife              [Unskilled]
   pick-axe           [Basic]
   short sword        [Unskilled]
   saber              [Unskilled]
   club               [Unskilled]
   quarterstaff       [Unskilled]
   sling              [Unskilled]
   dart               [Unskilled]
   boomerang          [Unskilled]
   whip               [Basic]
   unicorn horn       [Unskilled]
 Spellcasting Skills
   attack spells      [Unskilled]
   healing spells     [Unskilled]
   divination spells  [Unskilled]
   matter spells      [Unskilled]

Voluntary challenges:
 Character rerolling was not enabled.
 You were an atheist.
 You never had a pet.
 You never genocided any monsters.
 You never polymorphed an object.
 You never changed form.
 You used no wishes.
Achievements:
 You entered a shop.
 You attained the rank of Field Worker.

 The Dungeons of Doom: levels 1 to 4
    Level 1:
       A sink, some trees.
    Level 2:
    Level 3:
       A potion shop.
    Level 4: <- You were here.
       Final resting place for
          you, killed by a wererat.


Vanquished creatures:
 an orc zombie
 an acid blob
  a yellow mold
  a gecko
  2 jackals
  a kobold
  a goblin
  2 sewer rats
  2 lichens
  2 kobold zombies
  2 newts
16 creatures vanquished.

No species were genocided or became extinct.

Game over:
                       ----------
                      /          \
                     /    REST    \
                    /      IN      \
                   /     PEACE      \
                  /                  \
                  |    ArrBianca     |
                  |      207 Au      |
                  |   killed by a    |
                  |     wererat      |
                  |                  |
                  |                  |
                  |       2026       |
                 *|     *  *  *      | *
        _________)/\\_//(\/(/\)/\//\/|_)_______

Goodbye ArrBianca the Archeologist...

You died in The Dungeons of Doom on dungeon level 4 with 505 points,
and 207 pieces of gold, after 1113 moves.
You were level 3 with a maximum of 32 hit points when you died.

